 Dungeon Crawl Stone Soup version 0.19-a0-1899-g2d93087 (webtiles) character file.

15278 dobroeutro the Slicer (level 12, -10/80 HPs)
             Began as a Kobold Hunter on Oct 19, 2016.
             Was a High Priest of Okawaru.
             Killed from afar by a gargoyle (31 damage)
             ... with a stone arrow
             ... in a labyrinth.
             The game lasted 00:37:01 (17204 turns).

dobroeutro the Slicer (Kobold Hunter)              Turns: 17204, Time: 00:37:02

Health: -10/80     AC:  9    Str: 10    XL:     12   Next: 55%
Magic:  12/12      EV: 25    Int: 12    God:    Okawaru [*****.]
Gold:   558        SH:  3    Dex: 20    Spells: 0 memorised, 11 levels left

rFire  . . .     SeeInvis +     a - +2 hand crossbow
rCold  . . .     Gourm    .     K - +0 steam dragon scales
rNeg   . . .     Faith    .     (shield restricted)
rPois  +         Spirit   .     b - +1 helmet
rElec  +         Reflect  +     R - +0 cloak {rPois}
rCorr  .         Harm     .     (no gloves)
MR     +....                    H - +0 pair of boots "Musiwn" {rElec MR+}
Stlth  ++........               r - +3 amulet of reflection
                                J - +2 ring of slaying
                                L - ring of see invisible

@: no status effects
A: carnivore 3
a: Heroism, Finesse, Renounce Religion


You were in a labyrinth.
You worshipped Okawaru.
Okawaru was extremely pleased with you.
You were not hungry.

You visited 2 branches of the dungeon, and saw 13 of its levels.
You also visited: Labyrinth.

You collected 558 gold pieces.

Inventory:

Hand Weapons
 a - a +2 hand crossbow (weapon)
 o - a +0 dagger of electrocution
 I - the +3 dagger of Fortitude {pierce, MR+ Int+2}
   (You found it on level 5 of the Dungeon)

   It inflicts extra damage upon your enemies.
   It affects your intelligence (+2).
   It affects your resistance to hostile enchantments.
Missiles
 d - 51 bolts (quivered)
Armour
 b - a +1 helmet (worn)
 H - the +0 pair of boots "Musiwn" (worn) {rElec MR+}
   (You found it on level 5 of the Dungeon)

   It insulates you from electricity.
   It affects your resistance to hostile enchantments.
 K - +0 steam dragon scales (worn)
 R - a +0 cloak of poison resistance (worn)
Jewellery
 r - a +3 amulet of reflection (around neck)
 t - an uncursed ring of fire
 J - a +2 ring of slaying (right hand)
 L - a ring of see invisible (left hand)
 S - a +4 ring of dexterity
Wands
 x - a wand of acid (13/15)
 C - a wand of confusion (20/48)
 M - a wand of teleportation (5/9)
 T - a wand of digging (9/24)
Scrolls
 e - a scroll of enchant weapon
 i - 4 scrolls of identify
 n - 5 scrolls of remove curse
 u - a scroll of amnesia
 v - a scroll of blinking
 y - 2 scrolls of fog {unknown}
 z - a scroll of recharging {unknown}
 E - a scroll of teleportation
 N - a scroll of holy word {unknown}
 P - a scroll of immolation {unknown}
Potions
 h - a potion of ambrosia
 j - 4 potions of heal wounds
 k - 2 potions of curing
 m - 6 potions of degeneration
 p - a potion of beneficial mutation
 q - 3 potions of might
 s - a potion of flight
 w - a potion of cure mutation
 A - a potion of agility {unknown}
 B - 2 potions of lignification
 D - 2 potions of invisibility
 F - a potion of cancellation
 G - a potion of haste
Comestibles
 f - 7 meat rations
 g - 4 royal jellies
 l - 5 beef jerkies
 Q - 8 slices of pizza


   Skills:
 + Level 11.0 Fighting
 + Level 12.6 Short Blades
 + Level 12.3 Crossbows
 + Level 11.6 Dodging
 - Level 1.3 Stealth


You had 11 spell levels left.
You didn't know any spells.

Dungeon Overview and Level Annotations

Branches:
Dungeon (12/15)            Temple (1/1) D:5            Lair (0/6) D:9
    Orc (0/2) D:12

Altars:
Ashenzari
Cheibriados
Dithmenos
Elyvilon
Fedhas
Gozag
Hepliaklqana
Kikubaaqudgha
Makhleb
Nemelex Xobeh
Okawaru
Qazlal
Ru
Sif Muna
Trog
Uskayaw
Vehumet
Xom
Yredelemnul
Zin
The Shining One


Innate Abilities, Weirdness & Mutations

You are small and have problems with some larger weapons.
You are carnivorous and can eat meat at any time.


Message History

Press: ? - help, Shift-Dir - straight line, f/p - gargoyle
Aim: a gargoyle, wielding a mace (severely damaged)
You shoot a bolt. The bolt hits the gargoyle.
The gargoyle is almost destroyed.
The gargoyle closely misses you.
Firing (i - inventory):
d - 53 bolts (quivered)
Press: ? - help, Shift-Dir - straight line, f/p - gargoyle
Aim: a gargoyle, wielding a mace (almost destroyed)
You shoot a bolt.
The bolt hits the gargoyle but does no damage.
The gargoyle is almost destroyed.
Firing (i - inventory):
d - 52 bolts (quivered)
Press: ? - help, Shift-Dir - straight line, f/p - gargoyle
Aim: a gargoyle, wielding a mace (almost destroyed)
You shoot a bolt.
The bolt hits the gargoyle but does no damage.
The gargoyle is almost destroyed.
The gargoyle hurls a stone arrow at you.
The stone arrow hits you!
You die...

#.#.#
.##
#.#.#..
.#
#...#..
#...
#...
#(..
#9# #
#9# #
## #
##@###
.. .
#.....#
# #
#..####
. #
..... .
# . #.#
# # ..
#. . .#
# # .#
## #. #


You could see 2 gargoyles.

Vanquished Creatures
  The ghost of Nuatha the Unseen, a novice SpAK of Lugonu (D:8)
  An unseen horror (D:10)
  2 hill giants
  2 manticores
  3 ugly things
  A cyclops (D:11)
  Joseph (D:7)
  A centaur zombie (D:10)
  3 centaur skeletons
  A two-headed ogre (D:10)
  2 trolls
  Prince Ribbit (D:7)
  A hornet (D:7)
  3 hippogriffs
  2 shadows
  A yak (D:6)
  Sigmund (D:5)
  A human (D:7)
  A steam dragon (D:9)
  2 hungry ghosts (Lab)
  3 hogs
  Menkaure (D:5)
  The ghost of dobroeutro the Bolt Thrower, an amateur KoHu (D:3)
  2 hell hounds (D:9)
  A water moccasin (D:5)
  2 sky beasts
  6 orc warriors
  2 ice beasts
  A black bear (D:11)
  3 phantoms
  7 ogres
  5 centaurs
  Blork the orc (D:5)
  A wyvern zombie (D:9)
  7 bullfrogs
  A wyvern skeleton (D:10)
  5 scorpions
  11 killer bees
  7 wights
  3 howler monkeys (D:7)
  5 electric eels (D:9)
  A bullfrog zombie (D:7)
  5 crimson imps
  4 hounds
  2 jellies
  A gnoll shaman (D:10)
  4 orc priests
  3 bullfrog skeletons
  3 iguanas
  14 orc wizards
  8 worker ants
  A hound zombie (D:8)
  2 worker ant zombies
  A howler monkey zombie (D:10)
  15 gnolls
  A howler monkey skeleton (D:7)
  11 adders
  2 shadow imps (D:10)
  An ooze (D:4)
  3 adder zombies (D:7)
  An adder skeleton (D:7)
  5 worms
  9 leopard geckos
  33 orcs
  5 giant cockroaches
  6 goblins
  8 hobgoblins
  5 jackals
  8 kobolds
  4 quokkas
  2 ball pythons
  8 bats
  4 frilled lizards
  A quokka skeleton (D:9)
  6 rats
293 creatures vanquished.

Vanquished Creatures (others)
  3 plants (D:9)
3 creatures vanquished.

Grand Total: 296 creatures vanquished

Notes
Turn   | Place    | Note
-------+----------+-------------------------------------------
     0 | D:1      | dobroeutro the Kobold Hunter began the quest for the Orb.
     0 | D:1      | Reached XP level 1. HP: 12/12 MP: 1/1
   293 | D:1      | Reached skill level 1 in Short Blades
   306 | D:1      | Reached XP level 2. HP: 12/18 MP: 2/2
   713 | D:1      | Reached skill level 5 in Crossbows
  1229 | D:1      | Reached XP level 3. HP: 19/22 MP: 3/3
  1915 | D:2      | Reached XP level 4. HP: 28/28 MP: 4/4
  2310 | D:3      | Noticed dobroeutro's ghost (amateur KoHu)
  2320 | D:3      | Killed dobroeutro's ghost
  2320 | D:3      | Reached XP level 5. HP: 30/32 MP: 5/5
  2386 | D:3      | Reached XP level 6. HP: 14/37 MP: 6/6
  3755 | D:4      | Found a white marble altar of Elyvilon.
  3814 | D:4      | Reached XP level 7. HP: 28/44 MP: 7/7
  3835 | D:4      | Found a stormy altar of Qazlal.
  4369 | D:5      | Entered Level 5 of the Dungeon
  4377 | D:5      | Got a pair of encrusted boots
  4390 | D:5      | Identified the +0 pair of boots "Musiwn" {rElec MR+} (You found it on level 5 of the Dungeon)
  4399 | D:5      | Got a shimmering dagger
  4400 | D:5      | Identified the +3 dagger of Fortitude {pierce, MR+ Int+2} (You found it on level 5 of the Dungeon)
  4403 | D:5      | Noticed Blork the orc
  4413 | D:5      | Killed Blork the orc
  4452 | D:5      | Noticed a water moccasin
  4462 | D:5      | Killed a water moccasin
  4470 | D:5      | Found a staircase to the Ecumenical Temple.
  4490 | Temple   | Entered the Ecumenical Temple
  4539 | Temple   | Became a worshipper of Warmaster Okawaru
  4638 | D:5      | Reached skill level 5 in Fighting
  4638 | D:5      | Reached skill level 5 in Short Blades
  4638 | D:5      | Reached skill level 5 in Dodging
  4658 | D:5      | Reached XP level 8. HP: 48/49 MP: 8/8
  4734 | D:5      | Noticed Sigmund
  4742 | D:5      | Killed Sigmund
  4836 | D:5      | Noticed Menkaure
  5119 | D:5      | Killed Menkaure
  5306 | D:6      | Found a blossoming altar of Fedhas.
  5527 | D:6      | Reached * piety under Okawaru
  5876 | D:6      | Reached XP level 9. HP: 19/55 MP: 9/9
  6146 | D:7      | Found a shimmering altar of Xom.
  6233 | D:7      | Noticed a hornet
  6241 | D:7      | Killed a hornet
  6332 | D:7      | Reached ** piety under Okawaru
  6668 | D:7      | Noticed Joseph
  6823 | D:7      | Got an ancient mace
  6824 | D:7      | Identified the +8 mace of the Little People {drain, -Tele rF++ Str+3} (You found it on level 7 of the Dungeon)
  6844 | D:7      | Found a glowing silver altar of Zin.
  6954 | D:7      | Killed Joseph
  6954 | D:7      | Reached *** piety under Okawaru
  6954 | D:7      | Reached XP level 10. HP: 29/64 MP: 10/10
  7733 | D:7      | Noticed Prince Ribbit
  7737 | D:7      | Killed Prince Ribbit
  8044 | D:7      | Noticed a moth of wrath
  8082 | D:7      | Found a bloodstained altar of Trog.
  8341 | D:8      | Reached **** piety under Okawaru
  8362 | D:8      | Found an ancient bone altar of Kikubaaqudgha.
  8608 | D:8      | Noticed Nuatha's ghost (novice SpAK)
  8637 | D:8      | Killed Nuatha's ghost
  8637 | D:8      | Received a gift from Okawaru
  8637 | D:8      | Reached skill level 10 in Crossbows
  8840 | D:8      | Reached skill level 10 in Short Blades
  8857 | D:8      | Found a hide-covered altar of Uskayaw.
  9853 | D:9      | Reached XP level 11. HP: 64/71 MP: 11/11
 10234 | D:9      | Found a staircase to the Lair.
 10239 | D:9      | Reached ***** piety under Okawaru
 10755 | D:9      | Reached skill level 10 in Dodging
 11123 | D:9      | Found a snail-covered altar of Cheibriados.
 12139 | D:10     | Entered Level 10 of the Dungeon
 12295 | D:10     | Noticed an unseen horror
 12348 | D:10     | Killed an unseen horror
 12348 | D:10     | Received a gift from Okawaru
 12698 | D:10     | Noticed a cyan ugly thing
 12862 | D:10     | Noticed a hill giant
 12885 | D:10     | Killed a hill giant
 12885 | D:10     | Reached skill level 10 in Fighting
 13097 | D:10     | Received a gift from Okawaru
 13121 | D:10     | Killed a cyan ugly thing
 13673 | D:10     | Noticed a manticore
 13682 | D:10     | Killed a manticore
 13992 | D:11     | Noticed a cyclops
 14024 | D:11     | Killed a cyclops
 14043 | D:11     | Noticed a six-headed hydra
 14148 | D:10     | Reached XP level 12. HP: 32/78 MP: 12/12
 16316 | D:11     | Found a glowing silver altar of Zin.
 16495 | D:12     | Found a labyrinth entrance.
 16515 | D:12     | Noticed a death knight
 16520 | Lab      | Entered a labyrinth
 16895 | Lab      | Found an exit through the horrors of the Abyss.
 17204 | Lab      | Killed from afar by a gargoyle

Vault maps used:
D:1:      roderic_lyre
D:3:      first_bread, serial_park_tiny_pond
D:4:      nicolae_overflow_crystal_walls, old_standard_altar
D:5:      corexii_corridor_pit, uniq_menkaure, uniq_sigmund, uniq_blork_the_orc
D:6:      hangedman_abyss_or_decor_stabs, fedhas_altar_2
D:7:      xom_teletrap_fun, tgw_trog, zin_scriptorium, grunt_livestock,
          uniq_prince_ribbit1, uniq_joseph
D:8:      eat_drink_and_be_merry_uskayaw, lemuel_doored_altar
D:9:      slow_altar_2, minmay_lair_entry_lava, chequers_big_river
D:11:     basic_altar
D:12:     hiddenorc1_lemuel, lab_entry_generic
Temple:   cyrus_circular_temple
Lab:      labyrinth_mini_lab, labyrinth_skeletal_remains, nicolae_lab_plus,
          labyrinth_fake_exit, nicolae_lab_blocks, nicolae_lab_flowing_pool,
          nicolae_lab_grate

Skill      XL: |  1  2  3  4  5  6  7  8  9 10 11 12 |
---------------+-------------------------------------+-----
Short Blades   | 1 2 3 4 5 6 8 10 11 12 | 12.6
Crossbows      | 5 6 7 9 10 11 12 | 12.3
Dodging        | 3 4 5 6 7 9 11 | 11.6
Fighting       | 3 4 5 6 7 9 10 11 | 11.0
Stealth        | |  1.3

Action                   |  1- 3 |  4- 6 |  7- 9 | 10-12 || total
-------------------------+-------+-------+-------+-------++-------
Melee: Short sword       |    46 |       |       |       ||    46
       Dagger            |    79 |   149 |   117 |   850 ||  1195
 Fire: Hand crossbow     |       |       |   109 |   227 ||   336
  Use: Scroll            |       |     2 |       |    24 ||    26
       Potion            |       |       |       |     1 ||     1
 Stab: Sleeping          |     1 |     2 |     1 |     7 ||    11
       Distracted        |       |       |       |     2 ||     2
  Eat: Chunk             |     5 |    11 |    11 |    29 ||    56
Armor: Leather armour    |    21 |     8 |    11 |    23 ||    63
       Steam dragon scal |       |       |       |    54 ||    54
Dodge: Dodged            |    90 |    92 |    92 |   614 ||   888
Block: Other             |       |     1 |     9 |    65 ||    75
       Reflection        |       |       |       |     2 ||     2
